NCAA
TEXAS LONGHORNS @ NEBRASKA CORNHUSKERS
04/12/2026
 
TOP OF THE 1ST
Texas Longhorns batting - Pitching for Nebraska Cornhuskers : RHP Elvis McDonald
Pitching: RHP Elvis McDonald
Batting: SHB Randy Anderson 0-0: Ground out 4-3 (Groundball, 4)
Batting: RHB Joe Maynard 0-0: Swinging Strike
0-1: Swinging Strike
0-2: SOLO HOME RUN (Flyball, 7D), Distance : 365 ft
Batting: RHB Eugene Salazar 0-0: Ground out 6-3 (Groundball, 6M)
Batting: RHB Joe Rogers 0-0: Called Strike
0-1: Foul Ball, location: 2F
0-2: Ball
1-2: Foul Ball, location: 2F
1-2: Foul Ball, location: 2F
1-2: Ball
2-2: Ground out 6-3 (Groundball, 6)
Top of the 1st over - 1 run(s), 1 hit(s), 0 error(s), 0 left on base; Texas 1 - Nebraska 0
BOTTOM OF THE 1ST
Nebraska Cornhuskers batting - Pitching for Texas Longhorns : RHP Danny Clayton
Pitching: RHP Danny Clayton
Batting: RHB Tony Barton 0-0: Ball
1-0: Foul Ball, location: 2F
1-1: Called Strike
1-2: Ball
2-2: Ball
3-2: Foul Ball, location: 2F
3-2: Strikes out swinging
Batting: RHB Jim Heath 0-0: Ball
1-0: Foul Ball, location: 2F
1-1: Ball
2-1: Foul Ball, location: 2F
2-2: Ball
3-2: Strikes out swinging
Batting: RHB Tony Long 0-0: SOLO HOME RUN (Flyball, 7LD), Distance : 334 ft
Batting: LHB Dusty Wilson 0-0: Ball
1-0: Ground out 5-3 (Groundball, 5)
Bottom of the 1st over - 1 run(s), 1 hit(s), 0 error(s), 0 left on base; Texas 1 - Nebraska 1
TOP OF THE 2ND
Texas Longhorns batting - Pitching for Nebraska Cornhuskers : RHP Elvis McDonald
Batting: SHB Ángel González 0-0: Called Strike
0-1: Hit by Pitch
Batting: RHB Edmond Magee 0-0: Ball
1-0: Ball
2-0: Swinging Strike
2-1: Fly out, F7 (Flyball, 78XD)
Batting: LHB Arlen Powers 0-0: Ball
1-0: Ball
2-0: Grounds into double play, 1-6-3 (Groundball, 13)
Top of the 2nd over - 0 run(s), 0 hit(s), 0 error(s), 0 left on base; Texas 1 - Nebraska 1
BOTTOM OF THE 2ND
Nebraska Cornhuskers batting - Pitching for Texas Longhorns : RHP Danny Clayton
Batting: RHB Miguel García 0-0: Ball
1-0: Foul Ball, location: 2F
1-1: Called Strike
1-2: Ball
2-2: Foul Ball, location: 2F
2-2: Fly out, F4 (Popup, 4M)
Batting: RHB Júlio Franco 0-0: Ball
1-0: Called Strike
1-1: Ground out 4-3 (Groundball, 4)
Batting: SHB Carl Rivers 0-0: SINGLE (Line Drive, 4MD)
Batting: RHB António Rodríguez 0-0: Ball
1-0: Ground out 6-3 (Groundball, 6)
Bottom of the 2nd over - 0 run(s), 1 hit(s), 0 error(s), 1 left on base; Texas 1 - Nebraska 1
TOP OF THE 3RD
Texas Longhorns batting - Pitching for Nebraska Cornhuskers : RHP Elvis McDonald
Batting: RHB Roberto Hernández 0-0: Fly out, F8 (Flyball, 8RM)
Batting: RHB Jerome Cuevas 0-0: Ball
1-0: Ball
2-0: Fly out, F8 (Flyball, 8LM)
Batting: SHB Randy Anderson 0-0: Ball
1-0: Ball
2-0: Called Strike
2-1: DOUBLE (Line Drive, 9LM)
Batting: RHB Joe Maynard 0-0: Called Strike
0-1: Called Strike
0-2: Ball
1-2: 2-RUN HOME RUN (Flyball, 78XD), Distance : 388 ft
Batting: RHB Eugene Salazar 0-0: Swinging Strike
0-1: Ball
1-1: Ground out 6-3 (Groundball, 6M)
Top of the 3rd over - 2 run(s), 2 hit(s), 0 error(s), 0 left on base; Texas 3 - Nebraska 1
BOTTOM OF THE 3RD
Nebraska Cornhuskers batting - Pitching for Texas Longhorns : RHP Danny Clayton
Batting: LHB Phil Krieger 0-0: Ball
1-0: Fly out, F5 (Popup, 5F)
Batting: RHB Tony Barton 0-0: Swinging Strike
0-1: Called Strike
0-2: Ball
1-2: Strikes out swinging
Batting: RHB Jim Heath 0-0: Called Strike
0-1: Ball
1-1: Foul Ball, location: 2F
1-2: Ball
2-2: Ball
3-2: Base on Balls
Batting: RHB Tony Long 0-0: Fly out, F8 (Flyball, 8LM)
Bottom of the 3rd over - 0 run(s), 0 hit(s), 0 error(s), 1 left on base; Texas 3 - Nebraska 1
TOP OF THE 4TH
Texas Longhorns batting - Pitching for Nebraska Cornhuskers : RHP Elvis McDonald
Batting: RHB Joe Rogers 0-0: Swinging Strike
0-1: Called Strike
0-2: Strikes out swinging
Batting: SHB Ángel González 0-0: Ball
1-0: Ball
2-0: Ball
3-0: Base on Balls
Batting: RHB Edmond Magee 0-0: Ball
1-0: 2-RUN HOME RUN (Flyball, 7D), Distance : 359 ft
Batting: LHB Arlen Powers 0-0: Called Strike
0-1: Ball
1-1: Foul Ball, location: 2F
1-2: Ball
2-2: Ball
3-2: Fly out, F7 (Flyball, 7M)
Batting: RHB Roberto Hernández 0-0: Fly out, F8 (Line Drive, 8LM)
Top of the 4th over - 2 run(s), 1 hit(s), 0 error(s), 0 left on base; Texas 5 - Nebraska 1
BOTTOM OF THE 4TH
Nebraska Cornhuskers batting - Pitching for Texas Longhorns : RHP Danny Clayton
Batting: LHB Dusty Wilson 0-0: Ball
1-0: Ball
2-0: Foul Ball, location: 2F
2-1: Foul Ball, location: 2F
2-2: SINGLE (Line Drive, 4MD)
Batting: RHB Miguel García 0-0: Called Strike
0-1: Called Strike
0-2: Ball
1-2: Ball
2-2: Foul Ball, location: 2F
2-2: Ball
3-2: Base on Balls
Dusty Wilson to second
Batting: RHB Júlio Franco 0-0: Ball
1-0: Foul Ball, location: 2F
1-1: Ball
2-1: Foul Ball, location: 2F
2-2: Ball
3-2: Strikes out swinging
Batting: SHB Carl Rivers 0-0: Ball
1-0: Ball
2-0: Ball
3-0: Called Strike
3-1: Swinging Strike
3-2: Foul Ball, location: 2F
3-2: Strikes out looking
Batting: RHB António Rodríguez 0-0: Ball
1-0: Called Strike
1-1: Fly out, F8 (Flyball, 8RS)
Bottom of the 4th over - 0 run(s), 1 hit(s), 0 error(s), 2 left on base; Texas 5 - Nebraska 1
TOP OF THE 5TH
Texas Longhorns batting - Pitching for Nebraska Cornhuskers : RHP Elvis McDonald
Batting: RHB Jerome Cuevas 0-0: Called Strike
0-1: Ball
1-1: Called Strike
1-2: Ball
2-2: Ball
3-2: Base on Balls
Batting: SHB Randy Anderson 0-0: Called Strike
0-1: Foul Ball, location: 2F
0-2: Ground out 4-3 (Groundball, 4M)
Jerome Cuevas to second
Batting: RHB Joe Maynard 0-0: Ball
1-0: Ball
2-0: Ball
3-0: Base on Balls
Batting: RHB Eugene Salazar 0-0: Foul Ball, location: 2F
0-1: Swinging Strike
0-2: Ball
1-2: Ball
2-2: Ground out 4-3 (Groundball, 4M)
Jerome Cuevas to third
Joe Maynard to second
Batting: RHB Joe Rogers 0-0: Called Strike
0-1: Ground out 6-3 (Groundball, 56)
Top of the 5th over - 0 run(s), 0 hit(s), 0 error(s), 2 left on base; Texas 5 - Nebraska 1
BOTTOM OF THE 5TH
Nebraska Cornhuskers batting - Pitching for Texas Longhorns : RHP Danny Clayton
Batting: LHB Phil Krieger 0-0: Ball
1-0: Ball
2-0: Called Strike
2-1: Hit by Pitch
Pinch Runner at 1st Alfredo Pinto:
Batting: RHB Tony Barton 0-0: Fly out, F6 (Popup, 6MD)
Batting: RHB Jim Heath 0-0: Called Strike
0-1: Foul Ball, location: 2F
0-2: Strikes out swinging
Batting: RHB Tony Long 0-0: Ball
1-0: Ball
2-0: Foul Ball, location: 2F
2-1: Ball
3-1: Fly out, F9 (Flyball, 9M)
Bottom of the 5th over - 0 run(s), 0 hit(s), 0 error(s), 1 left on base; Texas 5 - Nebraska 1
TOP OF THE 6TH
Texas Longhorns batting - Pitching for Nebraska Cornhuskers : RHP Elvis McDonald
Now at 2B: Alfredo Pinto
Batting: SHB Ángel González 0-0: Ball
1-0: Ball
2-0: Foul Ball, location: 2F
2-1: Called Strike
2-2: Ball
3-2: Foul Ball, location: 2F
3-2: Foul Ball, location: 2F
3-2: Base on Balls
Pitching: RHP John Bradley
Batting: RHB Edmond Magee 0-0: Foul Ball, location: 2F
0-1: Fly out, F2 (Popup, 2RF)
Batting: LHB Arlen Powers 0-0: Ball
1-0: Grounds into double play, 4-6-3 (Groundball, 4)
Top of the 6th over - 0 run(s), 0 hit(s), 0 error(s), 0 left on base; Texas 5 - Nebraska 1
BOTTOM OF THE 6TH
Nebraska Cornhuskers batting - Pitching for Texas Longhorns : RHP Danny Clayton
Pitching: RHP Keith Martínez
Batting: LHB Dusty Wilson 0-0: Ball
1-0: Called Strike
1-1: Foul Ball, location: 2F
1-2: Ball
2-2: Ball
3-2: Base on Balls
Batting: RHB Miguel García 0-0: Ball
1-0: Called Strike
1-1: Ball
2-1: Ball
3-1: Base on Balls
Dusty Wilson to second
Batting: RHB Júlio Franco 0-0: Ball
Wild Pitch!
Dusty Wilson to third
Miguel García to second
1-0: Ground out 4-3 (Groundball, 4M)
Dusty Wilson scores
Miguel García to third
Batting: SHB Carl Rivers 0-0: Called Strike
0-1: Ball
1-1: Swinging Strike
1-2: Strikes out swinging
Batting: RHB António Rodríguez 0-0: Called Strike
0-1: Ball
1-1: Swinging Strike
1-2: SINGLE (Flyball, 89S)
Miguel García scores
Batting: RHB Alfredo Pinto 0-0: Ball
1-0: Swinging Strike
1-1: Foul Ball, location: 2F
1-2: Ball
2-2: Foul Ball, location: 2F
2-2: Foul Ball, location: 2F
2-2: Strikes out looking
Bottom of the 6th over - 2 run(s), 1 hit(s), 0 error(s), 1 left on base; Texas 5 - Nebraska 3
TOP OF THE 7TH
Texas Longhorns batting - Pitching for Nebraska Cornhuskers : RHP John Bradley
Batting: RHB Roberto Hernández 0-0: Ball
1-0: Swinging Strike
1-1: Ball
2-1: SINGLE (Line Drive, 4D)
Batting: RHB Jerome Cuevas 0-0: Ball
1-0: Bunt missed!
1-1: Ball
2-1: Ball
3-1: Bunted foul
3-2: Strikes out swinging
Batting: SHB Randy Anderson 0-0: Fly out, F3 (Popup, 13)
Batting: RHB Joe Maynard 0-0: Ball
1-0: Called Strike
Roberto Hernández is caught stealing 2nd base
Top of the 7th over - 0 run(s), 1 hit(s), 0 error(s), 0 left on base; Texas 5 - Nebraska 3
BOTTOM OF THE 7TH
Nebraska Cornhuskers batting - Pitching for Texas Longhorns : RHP Keith Martínez
Batting: RHB Tony Barton 0-0: Ball
1-0: Fly out, F9 (Flyball, 89M)
Batting: RHB Jim Heath 0-0: Ball
1-0: Ball
2-0: Ball
3-0: Called Strike
3-1: Base on Balls
Batting: RHB Tony Long 0-0: Called Strike
0-1: Fly out, F5 (Line Drive, 5)
Batting: LHB Dusty Wilson 0-0: Foul Ball, location: 2F
0-1: Ball
1-1: Ball
2-1: Foul Ball, location: 2F
2-2: Foul Ball, location: 2F
2-2: Ball
3-2: SINGLE (Line Drive, 89M)
Jim Heath to second
Jim Heath to third
Batting: RHB Miguel García 0-0: Ball
1-0: Hit by Pitch
Dusty Wilson to second
Batting: RHB Júlio Franco 0-0: Called Strike
0-1: Ball
1-1: Ball
2-1: Called Strike
2-2: Fly out, F8 (Flyball, 8RM)
Bottom of the 7th over - 0 run(s), 1 hit(s), 0 error(s), 3 left on base; Texas 5 - Nebraska 3
TOP OF THE 8TH
Texas Longhorns batting - Pitching for Nebraska Cornhuskers : RHP John Bradley
Pitching: RHP Neil Browning
Batting: RHB Joe Maynard 0-0: Ball
1-0: DOUBLE (Line Drive, 8LD)
Batting: RHB Eugene Salazar 0-0: Fly out, F9 (Flyball, 9D)
Runner from 2nd tags up, SAFE at 3rd, no throw
Batting: RHB Joe Rogers 0-0: Intentional Walk
Batting: SHB Ángel González 0-0: Ball
1-0: Ball
2-0: Foul Ball, location: 2F
2-1: Foul Ball, location: 2F
2-2: Foul Ball, location: 2F
2-2: Fly out, F8 (Flyball, 8LM)
Throwing error, E8
Joe Maynard scores
Joe Rogers to second
Batting: RHB Edmond Magee 0-0: Called Strike
0-1: Ground out 4-3 (Groundball, 4)
Top of the 8th over - 1 run(s), 1 hit(s), 1 error(s), 1 left on base; Texas 6 - Nebraska 3
BOTTOM OF THE 8TH
Nebraska Cornhuskers batting - Pitching for Texas Longhorns : RHP Keith Martínez
Pitching: RHP Jack Thorpe
Now at C: José Wills
Batting: SHB Carl Rivers 0-0: Called Strike
0-1: Ball
1-1: Foul Ball, location: 2F
1-2: Foul Ball, location: 2F
1-2: Ball
2-2: Foul Ball, location: 2F
2-2: Strikes out looking
Batting: RHB António Rodríguez 0-0: Ball
1-0: Foul Ball, location: 2F
1-1: Swinging Strike
1-2: Ball
2-2: Foul Ball, location: 2F
2-2: Ground out 4-3 (Groundball, 4)
Batting: RHB Alfredo Pinto 0-0: Called Strike
0-1: Foul Ball, location: 2F
0-2: Ball
1-2: Ground out 6-3 (Groundball, 6S)
Bottom of the 8th over - 0 run(s), 0 hit(s), 0 error(s), 0 left on base; Texas 6 - Nebraska 3
TOP OF THE 9TH
Texas Longhorns batting - Pitching for Nebraska Cornhuskers : RHP Neil Browning
Batting: LHB Arlen Powers 0-0: Ball
1-0: Ball
2-0: Ground out 2-3 (Groundball, 25)
Batting: RHB Roberto Hernández 0-0: Foul Ball, location: 2F
0-1: Ball
1-1: SINGLE (Line Drive, 78S)
Batting: RHB Jerome Cuevas 0-0: Ball
1-0: Called Strike
1-1: Foul Ball, location: 2F
1-2: Ball
2-2: Foul Ball, location: 2F
2-2: SINGLE (Line Drive, 34D)
Roberto Hernández to second
Batting: SHB Randy Anderson 0-0: Fly out, F8 (Flyball, 8RS)
Batting: RHB Joe Maynard 0-0: Ball
1-0: Swinging Strike
1-1: Ball
2-1: Fielders Choice at 2nd, U6 (Groundball, 6M)
Top of the 9th over - 0 run(s), 2 hit(s), 0 error(s), 2 left on base; Texas 6 - Nebraska 3
BOTTOM OF THE 9TH
Nebraska Cornhuskers batting - Pitching for Texas Longhorns : RHP Jack Thorpe
Pitching: RHP Sherwood Bailey
Now at 1B: John Burton
Now at 3B: Dave Tucker
Batting: RHB Tony Barton 0-0: Foul Ball, location: 2F
0-1: Swinging Strike
0-2: Strikes out swinging
Batting: RHB Jim Heath 0-0: Ball
1-0: Ball
2-0: Ball
3-0: Called Strike
3-1: Base on Balls
Batting: RHB Tony Long 0-0: SINGLE (Line Drive, 9LS)
Jim Heath to second
Runner from 2nd tries for 3rd, SAFE, throw made to third
Batting: LHB Dusty Wilson 0-0: Ball
1-0: Ball
2-0: 3-RUN HOME RUN (Flyball, 78XD), Distance : 386 ft
Pitching: RHP Collin Thompson
Batting: RHB Miguel García 0-0: Ball
1-0: Ball
2-0: SINGLE (Line Drive, 9LS)
Pinch Hitting: SHB Pete Albert 0-0: Ball
1-0: Called Strike
1-1: Foul Ball, location: 2F
1-2: Ball
2-2: Ball
3-2: Foul Ball, location: 2F
3-2: Fly out, F9 (Flyball, 89M)
Batting: SHB Carl Rivers 0-0: Ball
1-0: Ball
2-0: Called Strike
2-1: Ball
3-1: Called Strike
3-2: Foul Ball, location: 2F
3-2: Base on Balls
Miguel García to second
Batting: RHB António Rodríguez 0-0: Ball
1-0: Ball
2-0: Ball
3-0: Base on Balls
Miguel García to third
Carl Rivers to second
Batting: RHB Alfredo Pinto 0-0: Ball
1-0: Foul Ball, location: 2F
1-1: Ball
2-1: Ball
3-1: SINGLE (Groundball, 6)
Miguel García scores
Monday, December 5th, 2016 - OOTP Baseball 17.12 Build 75